 Dungeon Sprint DCSS version 0.20-a0-556-g892c87b (webtiles) character file.

1159 Kidiri the Thaumaturge (level 8, -1/45 HPs)
             Began as a Deep Elf Fire Elementalist on Feb 4, 2017.
             Was an Initiate of Vehumet.
             Succumbed to Sonja's curare-tipped needle
             ... in the Dungeon (Sprint I: "Red Sonja").
             The game lasted 00:02:50 (949 turns).

Kidiri the Thaumaturge (Deep Elf Fire Elementalist)  Turns: 949, Time: 00:02:51

Health: -1/45      AC:  2    Str:  5    XL:     8   Next: 16%
Magic:  6/28       EV: 15    Int: 23    God:    Vehumet [......]
Gold:   421        SH:  0    Dex: 15    Spells: 17/35 levels left

rFire    . . .     SeeInvis .   j - +0 dagger
rCold    . . .     Gourm    .   a - +0 robe
rNeg     . . .     Faith    .   (no shield)
rPois    .         Spirit   .   (no helmet)
rElec    .         Reflect  .   (no cloak)
rCorr    .         Harm     .   (no gloves)
MR       .....     NoTele   +   (no boots)
Stlth    ++........             (no amulet)
Regen    0.2/turn               (no ring)
                                (no ring)

@: lethally poisoned (-1 -> -24), slowed, very slow
A: no striking features
a: Renounce Religion


You were in the Dungeon.
You worshipped Vehumet.
Vehumet was noncommittal.
You were not hungry.

You visited 1 branch You collected 421 gold pieces.

Inventory:

Hand Weapons
 j - a +0 dagger (weapon)
Armour
 a - a +0 robe (worn)
Wands
 d - a wand of digging (8/24)
Scrolls
 g - a scroll of magic mapping {unknown}
 i - a scroll of blinking
 k - a scroll of identify {unknown}
Potions
 f - a potion of haste
 h - a potion of berserk rage
Books
 b - a book of Flames

   Spells                             Type                      Level
   a - Flame Tongue                   Conjuration/Fire             1
   b - Throw Flame                    Conjuration/Fire             2
   c - Conjure Flame                  Conjuration/Fire             3
   d - Inner Flame                    Hexes/Fire                   3
   e - Sticky Flame                   Conjuration/Fire             4
   f - Fireball                       Conjuration/Fire             5
Comestibles
 c - a bread ration
 l - 2 chunks of flesh


   Skills:
 + Level 2.7 Fighting
 + Level 3.3 Short Blades
 + Level 2.6 Armour
 + Level 4.8 Dodging
 - Level 2.4 Stealth
 * Level 14.4 Spellcasting
 + Level 8.9 Conjurations
 + Level 9.5 Fire Magic
 + Level 3.6 Evocations


You had 17 spell levels left.
You knew the following spells:

 Your Spells              Type           Power        Failure   Level  Hunger
a - Flame Tongue          Conj/Fire      #####        1%          1    None
b - Throw Flame           Conj/Fire      ######       1%          2    None
c - Conjure Flame         Conj/Fire      ######..     1%          3    None
d - Inner Flame           Hex/Fire       #####...     1%          3    None
e - Sticky Flame          Conj/Fire      ######..     1%          4    None
f - Fireball              Conj/Fire      ######....   2%          5    ###....


Dungeon Overview and Level Annotations

Branches:
Dungeon (1/1)

Altars:
Cheibriados
Dithmenos
Elyvilon
Fedhas
Gozag
Hepliaklqana
Kikubaaqudgha
Makhleb
Nemelex Xobeh
Okawaru
Qazlal
Ru
Sif Muna
Trog
Uskayaw
Vehumet
Xom
Yredelemnul
Zin
The Shining One
Jiyva
Lugonu

Shops:
D %


Message History

Your Evocations skill gained 2 levels and is now at level 3!
You have reached level 8!
You feel clever.
* * * LOW HITPOINT WARNING * * *
You feel very sick.
Search for what [? for help]? heal Can't find anything matching that.
Unknown command.
Search for what [Enter for "heal", or ? for help]? cure Can't find anything matching that.
Unknown command.
Unknown command.
Unknown command.
You close the door.
* * * LOW HITPOINT WARNING * * *
You feel very sick.
Unknown command.
There is a lethal amount of poison in your body!
Unknown command.
You die...

######################
#<.#..'..#.)'..#__#..+
#..').#..'..#..+^.+..#
#..#####+#####'#__####
#..####..#...#.####
#..#__####..##.#
#..#_____##+#..+
#⌠⌠#_.∩..)+@.._#
####_..__##_(#+#
#_____###+#.# #######
#§### $.$ $.$ ##K##
#+#


There were no monsters in sight!

Vanquished Creatures
  Sonja (D)
  A slime creature (D)
  Sigmund (D)
  A yak (D)
  An ogre (D)
  A jelly (D)
  Ijyb (D)
7 creatures vanquished.

Notes
Turn   | Place    | Note
-------+----------+-------------------------------------------
     0 | D        | Kidiri the Deep Elf Fire Elementalist began the quest for the Orb.
     0 | D        | Reached XP level 1. HP: 10/10 MP: 6/6
     2 | D        | Noticed Ijyb
    20 | D        | Killed Ijyb
    20 | D        | Reached skill level 6 in Spellcasting
    20 | D        | Reached XP level 2. HP: 6/15 MP: 3/11
   186 | D        | Learned a level 2 spell: Throw Flame
   188 | D        | Noticed an ogre
   197 | D        | Killed an ogre
   197 | D        | Reached skill level 8 in Spellcasting
   197 | D        | Reached skill level 5 in Fire Magic
   197 | D        | Reached XP level 3. HP: 8/19 MP: 9/15
   197 | D        | Reached XP level 4. HP: 10/24 MP: 9/16
   202 | D        | Learned a level 3 spell: Conjure Flame
   206 | D        | Learned a level 3 spell: Inner Flame
   211 | D        | Learned a level 4 spell: Sticky Flame
   365 | D        | Noticed Sigmund
   371 | D        | Killed Sigmund
   371 | D        | Reached skill level 11 in Spellcasting
   371 | D        | Reached XP level 5. HP: 24/28 MP: 12/21
   379 | D        | Learned a level 5 spell: Fireball
   415 | D        | Found a burning altar of Makhleb.
   415 | D        | Found a viscous altar of Jiyva.
   415 | D        | Found a shimmering altar of Xom.
   415 | D        | Found a corrupted altar of Lugonu.
   415 | D        | Noticed a slime creature
   421 | D        | Killed a slime creature
   421 | D        | Reached skill level 13 in Spellcasting
   421 | D        | Reached XP level 6. HP: 4/32 MP: 14/24
   718 | D        | Found a deep blue altar of Sif Muna.
   720 | D        | Found a radiant altar of Vehumet.
   758 | D        | Became a worshipper of Vehumet
   759 | D        | Found Mupinus's Food Emporium.
   759 | D        | Found an ancient bone altar of Kikubaaqudgha.
   759 | D        | Found a stormy altar of Qazlal.
   759 | D        | Found a blossoming altar of Fedhas.
   759 | D        | Found a bloodstained altar of Trog.
   759 | D        | Found an iron altar of Okawaru.
   759 | D        | Found a glowing golden altar of the Shining One.
   759 | D        | Found a glowing silver altar of Zin.
   759 | D        | Found a white marble altar of Elyvilon.
   759 | D        | Noticed a yak
   760 | D        | Found a hazy altar of Hepliaklqana.
   760 | D        | Found a hide-covered altar of Uskayaw.
   760 | D        | Found a basalt altar of Yredelemnul.
   760 | D        | Found an opulent altar of Gozag.
   760 | D        | Found a snail-covered altar of Cheibriados.
   760 | D        | Found a sacrificial altar of Ru.
   760 | D        | Found a shadowy altar of Dithmenos.
   766 | D        | Killed a yak
   766 | D        | Reached skill level 1 in Fighting
   766 | D        | Reached skill level 1 in Short Blades
   766 | D        | Reached skill level 1 in Armour
   766 | D        | Reached skill level 1 in Evocations
   766 | D        | Reached XP level 7. HP: 18/38 MP: 20/26
   767 | D        | Found a sparkling altar of Nemelex Xobeh.
   937 | D        | Noticed Sonja
   947 | D        | Killed Sonja
   947 | D        | Reached skill level 14 in Spellcasting
   947 | D        | Reached XP level 8. HP: 9/45 MP: 5/28
   948 | D        | HP: 2/45 [poisoned by Sonja (curare-tipped needle)]
   949 | D        | Succumbed to Sonja's curare-tipped needle

Vault maps used:
D:        dungeon_sprint_1

Skill      XL: |  1  2  3  4  5  6  7 |
---------------+----------------------+-----
Spellcasting   | 6 8 11 13 14 | 14.4
Conjurations   | 3 4 6 7 8 |  8.9
Fire Magic     | 4 5 7 8 9 |  9.5
Fighting       | 1 2 |  2.7
Short Blades   | 1 3 |  3.3
Armour         | 1 2 |  2.6
Dodging        | 3 4 |  4.8
Evocations     | 1 3 |  3.6
Stealth        | |  2.4

Action                   |  1- 3 |  4- 6 |  7- 9 || total
-------------------------+-------+-------+-------++-------
Melee: Dagger            |     1 |     7 |       ||     8
 Cast: Flame Tongue      |    17 |     4 |     4 ||    25
       Sticky Flame      |       |     4 |       ||     4
       Conjure Flame     |       |     1 |       ||     1
       Fireball          |       |       |     4 ||     4
  Use: Potion            |     2 |     1 |     1 ||     4
 Stab: Sleeping          |     1 |     2 |       ||     3
Armor: Robe              |     3 |       |       ||     3
Dodge: Dodged            |     7 |     6 |     1 ||    14
